 Dungeon Crawl Stone Soup version 0.27.1-34-g3ba077fa99 (webtiles) character file.

Game seed: 14751554927509617261

273 pkoi the Ruffian (level 6, -2/51 HPs)
             Began as a Draconian Monk on Jan 11, 2022.
             Killed from afar by an orc wizard (10 damage)
             ... with a magic dart
             ... on level 4 of the Dungeon.
             The game lasted 00:06:58 (4762 turns).

pkoi the Ruffian (Draconian Monk)                   Turns: 4762, Time: 00:06:59

Health: -2/51      AC:  8    Str: 14    XL:     6   Next: 2%
Magic:  6/6        EV: 12    Int: 12    God:
Gold:   75         SH:  0    Dex: 13    Spells: 5/5 levels left

rFire    . . .     SeeInvis .     - Unarmed
rCold    . . .     Faith    .   (no shield)
rNeg     . . .     Spirit   .   (armour unavailable)
rPois    .         Reflect  .   (helmet restricted)
rElec    .         Harm     .   (no cloak)
rCorr    .         Rampage  .   n - +1 pair of gloves
Will     .....                  (no boots)
Stlth    ++........             (no amulet)
HPRegen  0.17/turn              (no ring)
MPRegen  0.10/turn              (no ring)

@: no status effects
A: AC +6, unfitting armour, cold-blooded
a: no special abilities


You were on level 4 of the Dungeon.
You visited 1 branch of the dungeon, and saw 4 of its levels.

You collected 120 gold pieces.
You spent 45 gold pieces at shops.

Inventory:

Hand Weapons
 c - a +0 whip
 e - a +1 dagger of speed
Missiles
 i - 7 boomerangs (quivered)
Armour
 n - a +1 pair of gloves (worn)
Scrolls
 a - 2 scrolls of identify
Potions
 b - 2 potions of ambrosia {unknown}
 d - a potion of berserk rage
 j - a potion of cancellation {unknown}
 k - 2 potions of curing {unknown}
 l - a potion of flight {unknown}


   Skills:
 + Level 3.5 Fighting
 + Level 2.9 Dodging
 - Level 1.7 Stealth
 + Level 6.5 Unarmed Combat


You had 5 spell levels left.
You didn't know any spells.
Your spell library was empty.

Dungeon Overview and Level Annotations

Branches:
Dungeon (4/15)
 Temple: D:4-7

Altars:

Shops:
D:1 [   D:2 =

Annotations:
D:3 1 runed translucent door, AbsoluteStateOfPlay's ghost, amateur MiBe


Innate Abilities, Weirdness & Mutations

Your plain brown scales are hard. (AC +6)
You cannot fit into any form of body armour.
You are cold-blooded and may be slowed by cold attacks.


Message History

You barely miss the scorpion.
The scorpion is almost dead.
The scorpion stings you.
* * * LOW HITPOINT WARNING * * *
You punch the scorpion!
You kill the scorpion!
You have reached level 6!
Your experience leads to an increase in your attributes!
Increase (S)trength, (I)ntelligence, or (D)exterity?
You feel clever.
Your scales feel tougher.
You hit the orc. You tail-slap the orc.
The orc is severely wounded.
The orc hits you with a +0 club.
* * * LOW HITPOINT WARNING * * *
You punch the orc!
You kill the orc!
Things that are here:
a +0 club; an orc corpse; a scorpion corpse You start resting.
An orc is nearby!
An orc is nearby!
An orc is nearby!
The orc shouts!
The orc wizard casts a spell.
The orc wizard flickers and vanishes!
Deactivating autopickup; reactivate with Ctrl-A.
The orc hits you but does no damage.
You closely miss the orc. The orc hits you but does no damage.
The orc priest calls down the wrath of Beogh upon you.
Pain shoots through your body!
* * * LOW HITPOINT WARNING * * *
Things that are here:
a +0 club; an orc corpse; a scorpion corpse
Okay, then.
The orc priest invokes the aid of Beogh against you.
Beogh smites you!
* * * LOW HITPOINT WARNING * * *
A magic dart appears from out of thin air!
The magic dart hits you!
You die...

######################
≈≈≈≈≈.#..@...{o)o....#
≈≈≈≈≈≈..#########.#.#.#
≈≈≈≈≈≈..####........#.
#≈≈≈≈...#.....###.#.#.
##≈≈≈≈..#.##.......oo....#
#.≈≈≈≈.<#.##.######.......
#.≈≈≈≈≈......# #.####.#
#.≈≈≈.≈.#.#### #.# .
..≈≈≈......########.#


You could see an orc priest and an orc.

Vanquished Creatures
  2 scorpions
  A bullfrog zombie (D:3)
  Robin (D:2)
  4 adders
  2 dart slugs
  3 orcs
  8 endoplasms
  2 giant cockroaches
  14 goblins
  7 hobgoblins
  4 jackals
  A quokka (D:3)
  2 ball pythons
  6 bats
  2 frilled lizards
  6 kobolds
  6 rats
71 creatures vanquished.

Vanquished Creatures (others)
  A fungus (D:1)
1 creature vanquished.

Grand Total: 72 creatures vanquished

Notes
Turn   | Place    | Note
-------+----------+-------------------------------------------
     0 | D:1      | pkoi the Draconian Monk began the quest for the Orb.
     0 | D:1      | Reached XP level 1. HP: 19/19 MP: 1/1
   152 | D:1      | Reached XP level 2. HP: 20/26 MP: 2/2
   473 | D:1      | Found Wukh's Armour Shop.
   693 | D:1      | Found a faded altar of an unknown god.
   732 | D:1      | Reached skill level 4 in Unarmed Combat
  1186 | D:2      | Noticed Robin
  1429 | D:2      | Reached XP level 3. HP: 26/31 MP: 3/3
  1496 | D:2      | Killed Robin
  1899 | D:2      | Found Baucw's Jewellery Shoppe.
  2426 | D:2      | Reached skill level 5 in Unarmed Combat
  2426 | D:2      | Reached XP level 4. HP: 17/38 MP: 4/4
  3129 | D:3      | Noticed a scorpion
  3143 | D:3      | Killed a scorpion
  3144 | D:3      | Reached skill level 6 in Unarmed Combat
  3144 | D:3      | Reached XP level 5. HP: 18/45 MP: 5/5
  3641 | D:3      | Found a runed translucent door.
  3648 | D:3      | Noticed AbsoluteStateOfPlay's ghost (amateur MiBe)
  4538 | D:1      | Bought a +0 pair of gloves for 45 gold pieces
  4655 | D:4      | Reached XP level 6. HP: 13/51 MP: 6/6
  4762 | D:4      | Killed from afar by an orc wizard

Illustrated notes

Levels and vault maps discovered:
D:1:      minmay_arrival_diagonal_passages, layout_rooms,
          shapermc_ecumenical_altar_gd, serial_shops, nicolae_diamond_shop,
          chequers_serial_rivers_large_b
D:2:      layout_basic, serial_shops, shop, uniq_robin
D:3:      layout_loops_ring, ebering_ghost_sewer_d, grunt_ministairs_10,
          serial_bayou_pond_e, hangedman_decor_riveting
D:4:      minmay_chambers_of_threes, layout_loops_ring,
          chequers_serial_rivers_large_a

Skill      XL: |  1  2  3  4 |
---------------+-------------+-----
Unarmed Combat | 4 5 6 |  6.5
Fighting       | |  3.5
Dodging        | |  2.9
Stealth        | |  1.7

Action                   |  1- 3 |  4- 6 || total
-------------------------+-------+-------++-------
Melee: Unarmed           |   149 |   117 ||   266
       Tailslap          |    15 |    17 ||    32
       Punch             |     2 |     5 ||     7
  Use: Scroll            |       |     5 ||     5
 Stab: Sleeping          |     1 |     4 ||     5
Armor: Skin              |    51 |    48 ||    99
Dodge: Dodged            |    90 |    78 ||   168
